 Dungeon Crawl Stone Soup version 0.16-a0-3997-g61da7c2 (webtiles) character file.

28900 timbw the Severer (level 13, -8/115 HPs)
             Began as a Centaur Fighter on Feb 14, 2015.
             Was the Champion of Makhleb.
             Mangled by a spriggan rider
             ... wielding a +2 spear of piercing
              (9 damage)
             ... on level 8 of the Lair of Beasts.
             The game lasted 00:50:27 (9203 turns).

timbw the Severer (Centaur Fighter)                 Turns: 9203, Time: 00:50:27

Health: -8/115     AC: 24    Str: 24    XL:     13   Next: 12%
Magic:  20/20      EV:  2    Int:  7    God:    Makhleb [******]
Gold:   228        SH:  0    Dex:  9    Spells: 0 memorised, 12 levels left

rFire  + . .     SeeInvis .     C - +0 battleaxe
rCold  + . .     Clarity  .     R - +9 armour of the Dragon King {rPois+ rF+ rC+ MR+}
rNeg   . . .     SustAb   +     (no shield)
rPois  +         Gourm    .     u - +0 hat
rElec  .         Spirit   .     M - +2 cloak {MR+}
rCorr  .         Warding  .     (no gloves)
rMut   .         Stasis   .     (no barding)
MR     ++...                    q - amulet of rage
Stlth  ..........               E - ring of teleport control
                                K - ring of sustain abilities

@: exhausted, slowed, very resistant to hostile enchantments, extremely
unstealthy
A: hooves 3, deformed body, speed 2, tough skin 3
a: Minor Destruction, Lesser Servant of Makhleb, Major Destruction, Greater
Servant of Makhleb, Renounce Religion, Evoke Berserk Rage, Evoke Teleport
Control


You were on level 8 of the Lair of Beasts.
You worshipped Makhleb.
Makhleb was exalted by your worship.
You were near starving.

You visited 4 branches of the dungeon, and saw 24 of its levels.
You also visited: Labyrinth and Ossuary.

You collected 1954 gold pieces.
You spent 1726 gold pieces at shops.

Inventory:

Hand weapons
 r - a +0 blowgun
 C - a +0 battleaxe (weapon)
Missiles
 P - a javelin (quivered)
Armour
 u - a +0 hat (worn)
 M - a +2 cloak of magic resistance (worn)
 R - the +9 armour of the Dragon King (worn) {rPois+ rF+ rC+ MR+}
   (You bought it in a shop on level 12 of the Dungeon)

   It protects you from fire.
   It protects you from cold.
   It protects you from poison.
   It affects your resistance to hostile enchantments.
Rods
 A - a +1 iron rod (4/10)
   (You found it in a labyrinth)
Jewellery
 k - an uncursed ring of stealth
 q - an amulet of rage (around neck)
 s - an uncursed ring of stealth
 E - a ring of teleport control (right hand)
 J - an uncursed ring of teleportation
 K - a ring of sustain abilities (left hand)
 W - an uncursed ring of ice
Magical devices
 i - a wand of frost (3)
 t - a wand of lightning (0)
 y - a wand of hasting (2)
 D - a wand of fire (0)
 G - a wand of teleportation (3)
 O - a wand of hasting (5)
 T - a wand of paralysis (11)
 Y - a wand of enslavement (12)
Scrolls
 b - 3 scrolls of teleportation
 c - a scroll of amnesia
 x - a scroll of blinking
 z - a scroll of fog
 F - 3 scrolls of immolation
 L - a scroll of remove curse
 S - a scroll of fear
 V - a scroll of noise
Potions
 a - a potion of flight {unknown}
 e - a potion of might
 f - 2 potions of brilliance
 g - 2 potions of resistance {unknown}
 h - 2 potions of heal wounds
 j - 5 potions of poison
 l - 3 potions of curing
 m - 7 potions of mutation
 p - 2 potions of lignification {unknown}
 v - 3 potions of degeneration {unknown}
 w - a potion of berserk rage {unknown}
 B - a potion of agility
 H - a potion of invisibility {unknown}
 I - 2 potions of restore abilities {unknown}
 Q - 2 potions of haste {unknown}
Books
 N - a book of Dreams

   Spells                             Type                      Level
   a - Ensorcelled Hibernation        Hexes/Ice                    2
   b - Flight                         Charms/Air                   3
   c - Phase Shift                    Translocation                5
   d - Shadow Creatures               Summoning                    5
   e - Mass Confusion                 Hexes                        6
   f - Darkness                       Hexes                        7
Comestibles
 d - 8 bread rations
 n - a chunk of flesh
 o - 5 meat rations
 U - 2 fruits
 Z - a beef jerky


   Skills:
 + Level 10.9 Fighting
 * Level 15.0 Axes
 + Level 6.2 Armour
   Level 2.1 Shields
 - Level 4.5 Invocations
 - Level 5.7 Evocations


You had 12 spell levels left.
You didn't know any spells.

Dungeon Overview and Level Annotations

Branches:
Dungeon (12/15)            Temple (1/1) D:4            Lair (8/8) D:11
 Spider (0/5) Lair:3          Orc (3/4) D:10
  Swamp: Lair:3-6    Shoals: Lair:3-6     Slime: Lair:6-8       Elf: Orc:3-4

Altars:
Ashenzari
Dithmenos
Elyvilon
Makhleb
Okawaru
Qazlal
Sif Muna
Vehumet
Xom
Yredelemnul
Zin
The Shining One
Jiyva

Shops:
D:8 !   D:11 (   D:12 *   Orc:2 !


Innate Abilities, Weirdness & Mutations

You have hooves in place of feet.
Armour fits poorly on your strangely shaped body.
You cover ground very quickly.
You have extremely tough skin (AC +3).


Message History

Okay, then.
The spriggan rider hits you with a spear of piercing!
* * * LOW HITPOINT WARNING * * *
Wield which item (- for none, * to show all)? (? for menu, Esc to quit)
C - a +0 battleaxe (weapon)
The spriggan rider hits you with a spear of piercing.
* * * LOW HITPOINT WARNING * * *
x2 You miss the spriggan rider.
Your kick misses the spriggan rider.
The spriggan rider is moderately wounded.
The spriggan rider hits you but does no damage.
Use which ability? (? or * to list)
A demon appears!
You are near starving!
The spriggan rider hits you but does no damage.
Use which ability? (? or * to list)
A demon appears!
You feel slightly more hungry.
The spriggan rider hits you with a spear of piercing!!
* * * LOW HITPOINT WARNING * * *
x2 The spriggan rider hits you with a spear of piercing!
You die...

(... ♣♣♣♣♣♣..♣
♣..## ♣8?..
♣...♣...♣♣ ♣♣.#
(... ♣.....♣..♣
... ♣....♣♣††♣ ♣.P
♣.. ♣...♣♣♣..♣♣
.... ♣.i♣♣♣♣..♣
♣♣..♣♣.....# ♣))♣
♣♣♣♣ ♣♣.....♣
♣).♣♣♣♣ ♣♣....♣♣
♣♣♣.i@♣♣♣♣♣♣....♣♣
♣♣♣4..♣♣.†..♣♣♣
♣3..†...♣♣♣
♣♣♣♣♣♣♣♣♣


You could see a spriggan rider, a friendly hellwing and a friendly neqoxec.

Vanquished Creatures
  An orc warlord (Orc:2)
  A minotaur (Lab)
  3 death yaks (Lair:7)
  Nergalle (Lair:3)
  2 orc knights
  A hill giant (D:11)
  4 griffons
  3 black mambas
  6 spiny frogs
  A manticore (D:10)
  A centaur skeleton (D:11)
  A komodo dragon (Lair:8)
  A polar bear (Lair:8)
  2 blink frogs (Lair:7)
  3 trolls
  A basilisk (Lair:4)
  A deep elf mage (D:10)
  A shadow (D:11)
  A trapdoor spider (Lab)
  9 spriggans
  5 redbacks (Lair:8)
  2 wyverns
  26 yaks
  6 hippogriffs
  A warg (Orc:2)
  A mottled dragon (D:11)
  20 wolves
  6 water moccasins
  2 wasps (Lair:8)
  4 porcupines
  13 orc warriors
  A sky beast (D:11)
  2 ice beasts
  4 black bears (Lair:8)
  4 crocodiles
  A centaur (D:8)
  4 ogres
  11 giant frogs
  A wyvern zombie (D:11)
  A killer bee (D:11)
  4 wights (D:6)
  6 electric eels
  A giant frog zombie (D:12)
  A human zombie (Ossuary)
  A jelly (D:11)
  8 hounds
  5 worker ants
  10 orc priests
  12 orc wizards
  An iguana (Lair:1)
  A hound zombie (D:5)
  4 mummies (Ossuary)
  9 adders
  23 river rats
  A gnoll (D:3)
  2 shadow imps
  A giant mite (D:8)
  A worm (D:2)
  99 orcs
  3 giant cockroaches
  6 hobgoblins
  4 kobolds
  4 quokkas
  A ball python (D:1)
  3 bats
  A giant newt (D:6)
  A gnoll zombie (Ossuary)
  6 goblins
  3 goblin zombies (Ossuary)
  A jackal (D:11)
  3 kobold zombies (Ossuary)
  5 rats
  A fungus (Lair:8)
391 creatures vanquished.

Vanquished Creatures (others)
  An orc (D:11)
1 creature vanquished.

Grand Total: 392 creatures vanquished

Notes
Turn   | Place    | Note
--------------------------------------------------------------
     0 | D:1      | timbw, the Centaur Fighter, began the quest for the Orb.
     0 | D:1      | Reached XP level 1. HP: 19/19 MP: 1/1
   185 | D:2      | Reached XP level 2. HP: 21/26 MP: 2/2
   298 | D:4      | Noticed a phantom
   357 | D:3      | Reached XP level 3. HP: 21/31 MP: 3/3
   583 | D:4      | Reached XP level 4. HP: 18/38 MP: 3/3
   618 | D:4      | Found a staircase to the Ecumenical Temple.
   625 | Temple   | Entered the Ecumenical Temple
   731 | Temple   | Became a worshipper of Makhleb the Destroyer
   771 | D:4      | Reached skill level 4 in Axes
   873 | D:4      | Found a shadowy altar of Dithmenos.
   899 | D:5      | Entered Level 5 of the Dungeon
  1020 | D:5      | Noticed a water moccasin
  1027 | D:5      | Killed a water moccasin
  1027 | D:5      | Reached skill level 5 in Axes
  1027 | D:5      | Reached XP level 5. HP: 41/45 MP: 4/4
  1111 | D:6      | Found a glowing golden altar of the Shining One.
  1160 | D:6      | Reached XP level 6. HP: 51/51 MP: 5/5
  1164 | D:6      | Reached skill level 6 in Axes
  1402 | D:7      | Noticed a hippogriff
  1423 | D:7      | Killed a hippogriff
  1423 | D:7      | Reached skill level 7 in Axes
  1423 | D:7      | Reached XP level 7. HP: 57/57 MP: 5/5
  1520 | D:8      | Found Ijaelaup's Distillery.
  1534 | D:8      | Bought a potion of curing for 39 gold pieces
  1534 | D:8      | Bought a potion of heal wounds for 65 gold pieces
  1582 | D:8      | Reached skill level 8 in Axes
  1617 | D:8      | Noticed a yak
  1618 | D:8      | Noticed a yak
  1618 | D:8      | Noticed a yak
  1618 | D:8      | Noticed a yak
  1619 | D:8      | Noticed a yak
  1626 | D:8      | Noticed a yak
  1637 | D:8      | Killed a yak
  1637 | D:8      | Acquired Makhleb's first power
  1637 | D:8      | Reached XP level 8. HP: 61/66 MP: 6/6
  1641 | D:8      | Killed a yak
  1642 | D:8      | Killed a yak
  1642 | D:8      | Reached skill level 9 in Axes
  1645 | D:8      | Killed a yak
  1645 | D:8      | Reached skill level 5 in Fighting
  1648 | D:8      | Killed a yak
  1648 | D:8      | Killed a yak
  1679 | D:8      | Found an iron altar of Okawaru.
  1710 | D:8      | Noticed a spriggan baker
  1720 | D:8      | Killed a spriggan baker
  1720 | D:8      | Reached XP level 9. HP: 47/75 MP: 7/7
  1756 | D:8      | Reached skill level 10 in Axes
  1789 | D:8      | Found a basalt altar of Yredelemnul.
  1844 | D:8      | Found a stormy altar of Qazlal.
  1907 | D:8      | Found a stormy altar of Qazlal.
  1944 | D:8      | Found a sand-covered staircase.
  1949 | Ossuary  | Entered an ossuary
  2051 | Ossuary  | Acquired Makhleb's second power
  2402 | D:10     | Entered Level 10 of the Dungeon
  2434 | D:10     | Reached skill level 1 in Evocations
  2443 | D:11     | Noticed a centaur skeleton
  2450 | D:11     | Killed a centaur skeleton
  2483 | D:11     | Found Sitoamoa's Weapon Emporium.
  2689 | D:11     | Found a staircase to the Lair.
  2712 | D:11     | Reached skill level 11 in Axes
  2718 | D:11     | Acquired Makhleb's third power
  2918 | D:12     | Found Wifusi's General Store.
  2944 | D:12     | Noticed a hill giant
  3015 | D:12     | Found a labyrinth entrance.
  3023 | D:12     | Found a deep blue altar of Sif Muna.
  3025 | Lab      | Entered a labyrinth
  3062 | Lab      | Identified a scroll of acquirement
  3482 | Lab      | Noticed a minotaur
  3491 | Lab      | Killed a minotaur
  3491 | Lab      | Reached XP level 10. HP: 63/86 MP: 11/12
  3702 | D:10     | Noticed a manticore
  3727 | D:10     | Found a staircase to the Orcish Mines.
  3736 | Orc:1    | Entered Level 1 of the Orcish Mines
  3740 | Orc:1    | Noticed an orc knight
  3872 | D:10     | Killed a manticore
  4059 | D:10     | Killed an orc knight
  4124 | Orc:1    | Reached skill level 12 in Axes
  4398 | Orc:1    | Acquired Makhleb's fourth power
  4451 | Orc:2    | Noticed an orc knight
  4453 | Orc:2    | Noticed an orc warlord
  4783 | Orc:1    | Killed an orc knight
  4783 | Orc:1    | Reached skill level 5 in Evocations
  4990 | Orc:2    | Killed an orc warlord
  4990 | Orc:2    | Reached XP level 11. HP: 95/95 MP: 16/18
  5188 | Orc:1    | Acquired Makhleb's fifth power
  5297 | Orc:2    | Found Ofiuh's Distillery.
  5639 | Orc:3    | Reached skill level 1 in Invocations
  6092 | D:12     | Bought the +9 armour of the Dragon King {rPois+ rF+ rC+ MR+} for 1622 gold pieces
  6163 | D:11     | Noticed a hill giant
  6179 | D:11     | Killed a hill giant
  6179 | D:11     | Reached skill level 13 in Axes
  6630 | Lair:1   | Entered Level 1 of the Lair of Beasts
  6990 | Lair:3   | Noticed Nergalle
  7004 | Lair:3   | Killed Nergalle
  7050 | Lair:3   | Found a hole to the Spider Nest.
  7598 | Lair:5   | Noticed a catoblepas
  7665 | Lair:5   | Reached XP level 12. HP: 96/106 MP: 19/19
  8086 | Lair:6   | Reached skill level 5 in Armour
  8208 | Lair:7   | Reached skill level 10 in Fighting
  8376 | Lair:7   | Reached skill level 14 in Axes
  8721 | Lair:8   | Entered Level 8 of the Lair of Beasts
  9053 | Lair:8   | Reached XP level 13. HP: 75/115 MP: 20/20
  9182 | Lair:8   | Reached skill level 15 in Axes
  9203 | Lair:8   | HP: 1/115 [spriggan rider/spear of piercing (6)]
  9203 | Lair:8   | Mangled by a spriggan rider

Action                   |  1- 3 |  4- 6 |  7- 9 | 10-12 | 13-15 || total
-------------------------+-------+-------+-------+-------+-------++-------
Melee: War axe           |    36 |    55 |   186 |   504 |       ||   781
       Battleaxe         |       |       |       |   374 |    82 ||   456
Throw: Javelin           |     5 |     3 |    13 |     5 |       ||    26
Invok: Lesser Servant of |       |       |       |       |     2 ||     2
 Abil: Evoke Berserk Rag |     1 |     5 |     7 |    19 |     1 ||    33
Evoke: Wand              |       |       |     7 |    13 |       ||    20
       Rod               |       |       |       |     4 |     1 ||     5
  Use: Scroll            |     1 |     4 |    13 |     9 |       ||    27
       Potion            |       |       |     6 |     5 |       ||    11
 Stab: Paralysed         |       |       |       |     5 |       ||     5
  Eat: Chunk             |       |     1 |     6 |    19 |     1 ||    27
       Bread ration      |       |     1 |       |       |       ||     1
       Meat ration       |       |       |     1 |     2 |       ||     3
       Beef jerky        |       |       |     1 |     1 |       ||     2
